VOD

https://www.youtube.com/watch?v=Lne9x-4qOU8

Build Order

Get SALT Encoding   

  14  0:17  Pylon  
  16  0:37  Gateway Chrono nexus  
  17  0:48  Assimilator Send 17. worker to scout  
  20  1:25  Cybernetics Core  
  20  1:34  Nexus (Chrono Boost)  
  21  1:43  Pylon  
  22  1:51  Assimilator  
  23  2:00  Adept (Chrono Boost)  
  26  2:20  Adept  
  29  2:30  Stargate  
  35  2:40  Warp Gate  
  35  3:10  Stalker, Pylon  
  39  3:17  Gateway Wall  
  38  3:15  Phoenix (Chrono Boost) Continue Phoenix production until terran has 3 bases  
  47  3:37  Pylon  
  51  4:00  Nexus after 3 pheonix  
  54  4:12  Assimilator  
  57  4:20  Twilight Council (Chrono Boost), Forge (Chrono Boost) Only if terran is not all in (Charge), Only if terran is not all in (Armor - weapons)  
  59  4:30  Pylon  
  69  5:00  Pylon  
  71  5:12  Gateway x2 wall  
  80  5:35  Gateway x4 Go 8 Gateway  
  84  5:45  Pylon  
  87  6:00  Robotics Facility  
  89  6:05  Assimilator Early game ends with 60 probes, 4 gas 6 phoenix and 1 sentry  
  112  7:00  Robotics Bay Whenever possible after robo facility is done  
  114  7:20  Nexus go 4. nexus if you are safe   
Spawning Tool Build Advisor. Get it on Overwolf

Analysis

PvT

Go to:

Details

  • Created by: ASEA
  • Published on: Mar 23, 2024
  • Modified on: Mar 26, 2024
  • Patch: 5.0.11
  • Difficulty: Medium
Show
View Real Time Build Order
Export as new Build Order

Comments (0)

There are no comments. Be the first!

Create an account to comment!